 Dungeon Crawl Stone Soup version 0.31-a0-636-ge1c0e020e0 (webtiles) character file.

Game seed: 1165321057188112115

78 bobarctor the Grave Robber (level 4, 0/30 HPs)
             Began as a Demonspawn Necromancer on Aug 27, 2023.
             Killed by divine providence
             ... invoked by an orc priest
              (15 damage)
             ... on level 3 of the Dungeon.
             The game lasted 00:07:12 (2115 turns).

bobarctor the Grave Robber (Demonspawn Necromancer) Turns: 2115, Time: 00:07:13

Health: 0/30       AC:  5    Str:  8    XL:     4   Next: 15%
Magic:  8/8        EV: 12    Int: 19    God:
Gold:   58         SH:  0    Dex: 13    Spells: 1/9 levels left

rFire   + . .        r - +0 rapier
rCold   . . .        (no shield)
rNeg    . . .        a - +0 robe
rPois   .            (no helmet)
rElec   .            (no cloak)
rCorr   .            (no gloves)
SInv    .            d - +0 pair of boots
Will    .....        (no amulet)
Stlth   +            j - ring of protection from fire
HPRegen 0.25/turn    (no ring)
MPRegen 0.11/turn

%: no passive effects
@: confused, ambrosia-drunk
A: slimy green scales 1, condensation shield
a: no special abilities


You were on level 3 of the Dungeon.
You visited 1 branch of the dungeon, and saw 3 of its levels.

You collected 88 gold pieces.
You spent 30 gold pieces at shops.

Inventory:

Hand Weapons
 i - a +0 dagger
 r - a +0 rapier (weapon)
Missiles
 e - 4 boomerangs
 p - 4 poisoned darts
Armour
 a - a +0 robe (worn)
 d - a +0 pair of boots (worn)
Jewellery
 j - a ring of protection from fire (left hand)
 k - a ring of ice
Talismans
 h - a granite talisman
Scrolls
 g - 3 scrolls of identify {unknown}
Potions
 b - a potion of magic
 c - 3 potions of curing
 f - a potion of ambrosia
 l - a potion of mutation {unknown}
 m - a potion of degeneration {unknown}
 n - a potion of haste {unknown}
 o - a potion of might {unknown}
 q - 2 potions of resistance {unknown}


   Skills:
 + Level 2.3 Dodging
 + Level 2.5 Stealth
 * Level 3.0 Spellcasting
 + Level 4.8 Necromancy


You had one spell level left.
You knew the following spells:

 Your Spells              Type           Power      Damage    Failure   Level
a - Necrotise             Necr           84%        1d8       1%          1
b - Vampiric Draining     Necr           21%        2d7       6%          3
c - Animate Dead          Necr           21%        N/A       21%         4

Your spell library contained the following spells:

 Spells                   Type           Power      Damage    Failure   Level
 Agony                    Necr           21%        N/A       50%         5


Dungeon Overview and Level Annotations

Branches:
Dungeon (3/15)

Altars:

Shops:
D:1 :!


Innate Abilities, Weirdness & Mutations

You are partially covered in slimy green scales. (AC +2)
A meltable shield of frost defends you. (SH +4)


Message History

You don't know that spell.
Unknown command.
The orc priest looks satisfied for a moment.
Your reaping aura is weakening.
You hit the orc priest but do no damage.
The orc priest casts a cantrip, but nothing happens.
You hit the orc priest.
The orc priest is moderately wounded.
The orc priest hits you with a +0 flail!
You closely miss the orc priest.
The orc priest is moderately wounded.
The orc priest mumbles some strange prayers to Beogh against you.
Beogh smites you!
* * * LOW HITPOINT WARNING * * *
Unknown command.
Casting: Necrotise (safe; 1% risk of failure)
Confirm with . or Enter, or press ? or * to list all spells.
Aiming: Necrotise (safe; 1% risk of failure)
Press: ? - help, Shift-Dir - straight line, f - orc priest
Aim: an orc priest, wielding a +0 flail (lightly wounded, chance to affect: 80%)
The orc priest writhes in agony.
Unknown command.
You closely miss the orc priest.
The orc priest is moderately wounded.
Your reaping aura expires.
The orc priest casts a cantrip, but nothing happens.
Unknown command.
It was a potion of ambrosia.
You are confused.
You feel invigorated.
The orc priest hits you with a +0 flail.
* * * LOW HITPOINT WARNING * * *
Unknown command.
The orc priest attacks as it pursues you!
The orc priest closely misses you.
You bump into the rock wall.
The orc priest invokes the aid of Beogh against you.
Beogh smites you!
Ouch! That really hurt!
You die...

####........<...#
..........###..#
.........?..!....
.
#.........####...
.#### ##.........
# ....
..##.....##
..#..## ##
###.###
......########..#
#..oo@....# ####
#.o######........
#...o..o###...#..
#.o####..$.......
#..# ###o......#
#..# ......##.
#... o.).##....
#.... ...... ...
#........#o.# ##


You could see 2 orc priests and an orc.

Vanquished Creatures
  3 adders (D:2)
  A worm (D:2)
  5 dart slugs (D:2)
  An orc (D:3)
  2 bats
  4 endoplasms
  2 giant cockroaches
  3 goblins
  3 hobgoblins
  3 jackals (D:3)
  A kobold (D:1)
  A quokka (D:1)
  4 ball pythons
  A rat (D:1)
34 creatures vanquished.

Notes
Turn   | Place    | Note
-------+----------+-------------------------------------------
     0 | D:1      | bobarctor the Demonspawn Necromancer began the quest for
                  | the Orb.
     0 | D:1      | Reached XP level 1. HP: 13/13 MP: 3/3
   368 | D:1      | Gained mutation: You are partially covered in slimy green
                  | scales. (AC +2) [demonic ancestry]
   368 | D:1      | Reached XP level 2. HP: 19/19 MP: 1/5
   427 | D:1      | Found Apif's Book Emporium.
   753 | D:1      | Found Ycsaiw's Distillery.
  1154 | D:1      | Bought a potion of curing for 30 gold pieces
  1296 | D:2      | Gained mutation: A meltable shield of frost defends you.
                  | (SH +4) [demonic ancestry]
  1296 | D:2      | Reached XP level 3. HP: 24/24 MP: 0/6
  1304 | D:2      | Learned a level 3 spell: Vampiric Draining
  1741 | D:2      | Reached XP level 4. HP: 30/30 MP: 5/8
  1792 | D:2      | Learned a level 4 spell: Animate Dead
  2115 | D:3      | Killed from afar by an orc priest

Illustrated notes

Levels and vault maps discovered:
D:1:      nagdon_arrival_double_spiral, layout_basic, serial_shops,
          nicolae_shop_tiny_real_fake_doors, nicolae_shop_crystal, minivault_25,
          hex_tiny
D:2:      layout_basic
D:3:      layout_rooms, lemuel_round_altar, serial_corexii_hall,
          corexii_hall_statues_l, corexii_hall_statues_u

Skill      XL: |  1  2  3  4 |
---------------+-------------+-----
Stealth        | 2 |  2.5
Dodging        | 2 |  2.3
Spellcasting   | 3 |  3.0
Necromancy     | |  4.8

Action                     |  1- 3 |  4- 6 || total
---------------------------+-------+-------++-------
  Melee: Dagger            |    15 |     3 ||    18
         Unarmed           |     3 |       ||     3
         Punch             |     1 |     1 ||     2
         Rapier            |       |     4 ||     4
   Cast: Necrotise         |    68 |    10 ||    78
         Animate Dead      |       |     1 ||     1
    Use: Potion            |       |     1 ||     1
 Armour: Robe              |     6 |       ||     6
  Dodge: Dodged            |    16 |     2 ||    18
  Block: Other             |     1 |       ||     1

Table legend: (Time is in decaauts)
 A = Elapsed time spent in this place.
 B = Non-inter-level travel time spent in this place.
 C = Inter-level travel time spent in this place.
 D = Time resting spent in this place.
 E = Time spent auto-exploring this place.
 F = Levels seen in this place.
 G = Mean time per level.
                   A        B        C        D        E       F      G
               +--------+--------+--------+--------+--------+-----+--------+
         Total |   2187 |   2032 |    155 |    142 |   1551 |   3 |  729.0 |
       Dungeon |   2187 |   2032 |    155 |    142 |   1551 |   3 |  729.0 |
               +--------+--------+--------+--------+--------+-----+--------+

Top non-repeatable levels by time:
     D:1: 1145 daAuts
     D:2: 964 daAuts
     D:3: 77 daAuts
